[Event "Titled Tuesday Blitz November 15 Early 2022"]
[White "Shapiro, Daniel"]
[Black "Sowul, Bartosz"]
[WhiteFideId "2001780"]
[BlackFideId "1137590"]
[WhiteElo "2307"]
[BlackElo "2188"]
[Result "1-0"]
[Round "07"]
[TimeControl "180+1"]
[Date "2022.11.16"]
[WhiteClock "0:00:29"]
[BlackClock "0:00:04"]

1. d4 Nf6 2. c4 c5 3. d5 b5 4. cxb5 a6 5. e3 g6 6. Nc3 Bg7 7. a4 O-O 8. Nf3 Bb7 9. Ra3 e6 10. dxe6 fxe6 11. Qd6 Nd5 12. Qg3 Nb4 13. Rb3 d5 14. Be2 d4 15. exd4 Nc2+ 16. Kf1 cxd4 17. bxa6 Bxf3 18. Bxf3 dxc3 19. Bg5 Qd3+ 20. Be2 Qxg3 21. hxg3 cxb2 22. Bd3 Ne3+ 23. Bxe3 Nxa6 24. Ke2 1-0


[Site "https://www.chess.com"]

[Event "Titled Tuesday Blitz November 15 Early 2022"]
[White "Sharifov, Mekhriddin"]
[Black "Wirig, Anthony"]
[WhiteFideId "14701545"]
[BlackFideId "615013"]
[WhiteElo "2109"]
[BlackElo "2487"]
[Result "1-0"]
[Round "07"]
[TimeControl "180+1"]
[Date "2022.11.15"]
[WhiteClock "0:00:53"]
[BlackClock "0:00:08"]

1. e4 c5 2. Nf3 e6 3. d4 cxd4 4. Nxd4 Nf6 5. Nc3 Nc6 6. Ndb5 Bc5 7. Nd6+ Ke7 8. Bf4 e5 9. Nf5+ Kf8 10. Be3 Bb4 11. Bc4 d5 12. Bxd5 Bxf5 13. Bxc6 Bxe4 14. Bxe4 Nxe4 15. O-O Nxc3 16. bxc3 Qxd1 17. Raxd1 Bxc3 18. Rd7 h6 19. Rfd1 b6 20. Rb7 Kg8 21. Rdd7 Kh7 22. Rxf7 e4 23. Rxa7 Rxa7 24. Rxa7 b5 25. a4 bxa4 26. Rxa4 Rb8 27. g3 Rb4 28. Rxb4 Bxb4 29. c4 Kg6 30. Bd4 Kf7 31. Kf1 g6 32. Ke2 Ke6 33. Ke3 Kf5 34. h3 h5 35. c5 Ba5 36. c6 Bc7 37. g4+ hxg4 38. hxg4+ Kxg4 39. Kxe4 Kh3 40. Be5 1-0


[Site "https://www.chess.com"]

[Event "Titled Tuesday Blitz November 15 Early 2022"]
[White "Simonovic, Miroslav"]
[Black "Demchenko, Anton"]
[WhiteFideId "919152"]
[BlackFideId "4160258"]
[WhiteElo "2043"]
[BlackElo "2545"]
[Result "0-1"]
[Round "07"]
[TimeControl "180+1"]
[Date "2022.11.16"]
[WhiteClock "0:00:03"]
[BlackClock "0:01:45"]

1. d4 Nf6 2. Bg5 e6 3. e4 h6 4. Bxf6 Qxf6 5. e5 Qd8 6. f4 d6 7. c3 c5 8. dxc5 dxe5 9. Qxd8+ Kxd8 10. fxe5 Bxc5 11. Nf3 Nc6 12. Nbd2 Kc7 13. O-O-O Bd7 14. Ne4 Be7 15. Bc4 Rad8 16. Nd6 Rhf8 17. Nb5+ Kb8 18. Rd3 Na5 19. Rhd1 Bc6 20. Rxd8+ Rxd8 21. Rxd8+ Bxd8 22. Bd3 Bxf3 23. gxf3 Bg5+ 24. Kc2 Nc6 25. Nd6 Nxe5 26. Be2 Bf4 27. h3 a6 28. Ne4 Kc7 29. c4 Nc6 30. a3 a5 31. Kd3 Be5 32. b3 Bb2 33. a4 Ba3 34. Ke3 f5 35. Nc3 Bc5+ 36. Kd2 Bb4 37. Kd3 Bxc3 38. Kxc3 b6 39. f4 Kd6 40. Bf3 Nb4 41. Kd4 g5 42. fxg5 hxg5 43. Bg2 Na6 44. Bb7 Nc5 45. Bf3 Nxb3+ 46. Kc3 Nc5 47. Bd1 e5 48. Bc2 f4 49. Kd2 e4 50. Kc3 Ke5 51. Bb1 f3 52. h4 gxh4 53. Kd2 Kd4 54. Ke1 e3 55. Kf1 e2+ 56. Ke1 Ke3 57. Bc2 f2# 0-1


[Site "https://www.chess.com"]

[Event "Titled Tuesday Blitz November 15 Early 2022"]
[White "Sipila, Vilka"]
[Black "Manelyuk, Daniil"]
[WhiteFideId "505455"]
[BlackFideId "44173920"]
[WhiteElo "2347"]
[BlackElo "2209"]
[Result "1-0"]
[Round "07"]
[TimeControl "180+1"]
[Date "2022.11.16"]
[WhiteClock "0:01:02"]
[BlackClock "0:00:06"]

1. d4 Nf6 2. Bf4 c5 3. d5 b5 4. e4 Nxe4 5. c4 Bb7 6. Nf3 g6 7. Bd3 Qa5+ 8. Nbd2 Nf6 9. O-O Bg7 10. Re1 O-O 11. Rxe7 Rd8 12. Nb3 Qb6 13. Ng5 Nh5 14. Rxf7 Nxf4 15. Rxf4 Na6 16. Nxh7 Bh6 17. Rf6 Kxh7 18. Bxg6+ Kg7 19. Rxb6 axb6 20. Qg4 Nc7 21. Bf5+ Kf8 22. Bh7 bxc4 23. Re1 1-0


[Site "https://www.chess.com"]

[Event "Titled Tuesday Blitz November 15 Early 2022"]
[White "Smietanska, Wiktoria"]
[Black "Santos Flores, Alberto"]
[WhiteFideId "21869359"]
[BlackFideId "3601234"]
[WhiteElo "1695"]
[BlackElo "2235"]
[Result "0-1"]
[Round "07"]
[TimeControl "180+1"]
[Date "2022.11.16"]
[WhiteClock "0:00:02"]
[BlackClock "0:00:44"]

1. c4 c5 2. Nf3 g6 3. Nc3 Bg7 4. d4 cxd4 5. Nxd4 Nf6 6. e4 Nc6 7. Nc2 O-O 8. Be2 d6 9. O-O Be6 10. Ne3 a6 11. Ncd5 Nxe4 12. Bf3 Nf6 13. Rb1 Bxd5 14. Nxd5 Nxd5 15. cxd5 Ne5 16. Be2 Rc8 17. b3 Qa5 18. a3 Qc5 19. Bb2 Qc2 20. Qxc2 Rxc2 21. Bxe5 Rxe2 22. Bxg7 Kxg7 23. Rfc1 Kf6 24. Rc7 Rb8 25. Rd1 a5 26. Kf1 Ra2 27. a4 b5 28. axb5 Rxb5 29. Rc3 a4 30. bxa4 Rxa4 31. Rf3+ Kg7 32. Re3 Kf8 33. Rde1 Ra7 34. Rd3 Raa5 35. Rde3 Ra7 36. Rd3 Rb2 37. g3 f5 38. h4 Raa2 39. Rf3 Rd2 40. Kg1 Rxd5 41. Rfe3 e5 42. f4 e4 43. Rc3 Rc5 44. Rb3 Rac2 45. Rb7 Rc7 46. Rb8+ Rc8 47. Rb7 R2c7 48. Rb6 Ke7 49. Rd1 Rd7 50. Kf2 d5 51. Rd4 Rc4 52. Rd1 d4 53. Rb5 Rc2+ 54. Ke1 d3 0-1


[Site "https://www.chess.com"]

[Event "Titled Tuesday Blitz November 15 Early 2022"]
[White "Stribuk, Artiom"]
[Black "Tristan, Leonardo"]
[WhiteFideId "13515659"]
[BlackFideId "113816"]
[WhiteElo "2371"]
[BlackElo "2461"]
[Result "0-1"]
[Round "07"]
[TimeControl "180+1"]
[Date "2022.11.16"]
[WhiteClock "0:00:02"]
[BlackClock "0:00:47"]

1. d4 d5 2. c4 e6 3. Nf3 Nf6 4. g3 Be7 5. Bg2 O-O 6. O-O dxc4 7. Na3 Bxa3 8. bxa3 Bd7 9. Qc2 Bc6 10. Qxc4 Bd5 11. Qc2 Be4 12. Qb3 Bd5 13. Qc2 Be4 14. Qb3 Bd5 15. Qb2 Nbd7 16. Bf4 Nb6 17. Rac1 c6 18. Rfe1 h6 19. Ne5 Bxg2 20. Kxg2 Qd5+ 21. f3 Rfd8 22. Red1 g5 23. Be3 Qb5 24. Qxb5 cxb5 25. Rc7 Nbd5 26. Rdc1 Nxc7 27. Rxc7 Nd5 28. Rxb7 Nxe3+ 29. Kf2 Nd1+ 30. Ke1 Rxd4 31. Nxf7 Rc8 32. Nxh6+ Kf8 33. Rf7+ Ke8 34. Rxa7 Rc2 35. Ng8 Rdd2 36. Nf6+ Kd8 37. Ne4 Rd4 38. Nxg5 Rc6 39. Nf7+ Kc8 40. Ne5 Rc1 41. Nd3 Ra1 42. Kd2 Rd7 43. Ra8+ Kb7 44. Re8 Nb2 45. Rxe6 Rxa2 46. Kc3 Nxd3 47. exd3 Rxa3+ 48. Kb4 Raxd3 49. f4 Rd2 50. Rh6 Rb2+ 51. Kc3 Rdd2 52. h4 b4+ 53. Kc4 Rdc2+ 54. Kb5 b3 55. f5 Rb1 56. Kb4 b2 57. f6 Rf1 0-1


[Site "https://www.chess.com"]

[Event "Titled Tuesday Blitz November 15 Early 2022"]
[White "Svane, Rasmus"]
[Black "Gabrielian, Artur"]
[WhiteFideId "4657101"]
[BlackFideId "4131002"]
[WhiteElo "2674"]
[BlackElo "2432"]
[Result "1/2-1/2"]
[Round "07"]
[TimeControl "180+1"]
[Date "2022.11.15"]
[WhiteClock "0:00:16"]
[BlackClock "0:00:07"]

1. Nf3 Nf6 2. g3 g6 3. Bg2 Bg7 4. O-O O-O 5. d4 d5 6. c4 c6 7. Qb3 Qb6 8. Nc3 Rd8 9. Na4 Qxb3 10. axb3 Na6 11. Nc3 Bf5 12. Bf4 Ne4 13. e3 Nb4 14. Rfd1 a5 15. Ne1 g5 16. Bc7 Rdc8 17. Bxa5 Nxc3 18. bxc3 Nc2 19. Ra4 Nxe1 20. Rxe1 dxc4 21. bxc4 b6 22. Rea1 Rxa5 23. Rxa5 bxa5 24. Rxa5 c5 25. dxc5 Bxc3 26. Rb5 Bd7 27. c6 Bxc6 28. Rxg5+ Kf8 29. Bxc6 Rxc6 30. Rg4 h5 31. Rh4 Rc5 32. Kf1 Bf6 33. Rf4 h4 34. g4 Be5 35. Re4 Bxh2 36. g5 Bd6 37. Rxh4 Rxg5 38. Ke2 Ke8 39. Kd3 Kd7 40. Rh7 f6 41. Rh8 Ra5 42. Rh1 f5 43. Rb1 e5 44. Rb2 e4+ 45. Ke2 Kc6 46. Rd2 Ra4 47. Rd5 Rxc4 48. Rxf5 Rc2+ 49. Kf1 Bc5 50. f3 exf3 51. Rxf3 Kd5 52. Rf2 Rc3 53. Kg2 Bxe3 54. Re2 Ke4 55. Kg3 Rc8 56. Rg2 Bf4+ 57. Kg4 Rg8+ 58. Kh3 Rh8+ 59. Kg4 Rh1 60. Re2+ Be3 61. Rg2 Rh6 62. Rg3 Re6 63. Rg2 Rg6+ 64. Kh3 Rf6 65. Kg4 Rf4+ 66. Kg3 Rf5 67. Kg4 Re5 68. Rg3 Rg5+ 69. Kh3 Ra5 70. Kg4 Ra6 71. Rg2 Ra7 72. Rg3 Bf4 73. Rg2 Rh7 74. Re2+ Be3 75. Rg2 Rh6 76. Rg3 Bf2 77. Rg2 Ke3 78. Kf5 Rh5+ 79. Rg5 Rh4 80. Rg6 Rf4+ 81. Ke6 Ke4 82. Kd7 Bd4 83. Re6+ Be5 84. Re7 Kd5 85. Rh7 Ra4 86. Re7 Bd6 87. Rf7 Ra5 88. Ke8 Ra8+ 89. Kd7 Rh8 90. Rf5+ Be5 91. Rf7 Rh6 92. Re7 Bd6 93. Rf7 Be5 94. Re7 Ra6 95. Rf7 Ra7+ 96. Ke8 Ra8+ 97. Kd7 Rb8 98. Re7 Bd4 99. Rf7 Be5 100. Re7 Rg8 101. Rf7 Rg6 102. Re7 Rd6+ 103. Ke8 Bf6 1/2-1/2


[Site "https://www.chess.com"]

[Event "Titled Tuesday Blitz November 15 Early 2022"]
[White "Tan, Jun Ying"]
[Black "Gedgafov, Chamal"]
[WhiteFideId "5710413"]
[BlackFideId "34130621"]
[WhiteElo "2089"]
[BlackElo "2067"]
[Result "1-0"]
[Round "07"]
[TimeControl "180+1"]
[Date "2022.11.16"]
[WhiteClock "0:01:16"]
[BlackClock "0:00:51"]

1. Nf3 d5 2. c4 c6 3. e3 Nf6 4. Nc3 Bg4 5. cxd5 cxd5 6. Qb3 Nc6 7. Qxb7 Bd7 8. Nb5 Rc8 9. Nxa7 Rc7 10. Nxc6 Bxc6 11. Qb6 Qc8 12. Ba6 Bb7 13. Bb5+ Bc6 14. Ne5 Bxb5 15. Qxb5+ Nd7 16. O-O f6 17. Nxd7 Rxd7 18. d4 Kf7 19. Bd2 e6 20. Rfc1 Rc7 21. Rxc7+ Qxc7 22. Rc1 Qa7 23. Ba5 Be7 24. Rc7 Qa8 25. Bb4 Re8 26. Qb7 Qxa2 27. Rxe7+ Rxe7 28. Qxe7+ Kg6 29. h3 Qxb2 30. Qe8+ Kh6 31. Bf8 Qb1+ 32. Kh2 Qg6 33. Qxe6 Qg5 34. Qg4 Qxg4 35. hxg4 Kg6 36. Kg3 Kf7 37. Bd6 Ke6 38. Bb8 g6 39. Kf3 f5 40. gxf5+ gxf5 41. Kf4 h5 42. Be5 1-0


[Site "https://www.chess.com"]

[Event "Titled Tuesday Blitz November 15 Early 2022"]
[White "Tasev, Dejan"]
[Black "Forgacs, Attila Jr."]
[WhiteFideId "936618"]
[BlackFideId "773654"]
[WhiteElo "2256"]
[BlackElo "2168"]
[Result "1-0"]
[Round "07"]
[TimeControl "180+1"]
[Date "2022.11.16"]
[WhiteClock "0:01:14"]
[BlackClock "0:01:37"]

1. e4 e5 2. Nf3 Nc6 3. Bc4 Nf6 4. d3 h6 5. Nc3 d6 6. Bb3 g5 7. Be3 Bg7 8. Qd2 O-O 9. h4 g4 10. Bxh6 gxf3 11. gxf3 Ne8 12. O-O-O Nd4 13. Qe3 Nxb3+ 14. axb3 Be6 15. Rdg1 Qf6 16. Bg5 Qg6 17. h5 Qh7 18. h6 Qg6 19. hxg7 Nxg7 20. Bh6 1-0


[Site "https://www.chess.com"]

[Event "Titled Tuesday Blitz November 15 Early 2022"]
[White "Thiel, Thomas"]
[Black "Sariego Figueredo, Wilfredo"]
[WhiteFideId "4615964"]
[BlackFideId "3500080"]
[WhiteElo "2242"]
[BlackElo "2309"]
[Result "0-1"]
[Round "07"]
[TimeControl "180+1"]
[Date "2022.11.16"]
[WhiteClock "0:00:01"]
[BlackClock "0:00:19"]

1. e4 c5 2. Nc3 a6 3. Nge2 b5 4. g3 Bb7 5. Bg2 e6 6. d4 cxd4 7. Nxd4 Nc6 8. O-O Bc5 9. Nxc6 Bxc6 10. Qh5 Be7 11. e5 Bxg2 12. Kxg2 g6 13. Qe2 Bc5 14. Ne4 Be7 15. Rd1 h5 16. h4 Nh6 17. Bg5 Bxg5 18. hxg5 Ng8 19. Nd6+ Kf8 20. f4 Ne7 21. a4 b4 22. Ne4 Nd5 23. Nf6 Nxf6 24. gxf6 h4 25. g4 d5 26. c3 bxc3 27. bxc3 Qa5 28. c4 Qc3 29. Qf3 Qxc4 30. Rdc1 Qb4 31. Rcb1 Qd2+ 32. Kh3 Rc8 33. Rd1 Qa5 34. Rac1 Rb8 35. Rb1 Rc8 0-1


[Site "https://www.chess.com"]

[Event "Titled Tuesday Blitz November 15 Early 2022"]
[White "Tomb, Maroun"]
[Black "Mihailidis, Anastasios"]
[WhiteFideId "5300398"]
[BlackFideId "4205588"]
[WhiteElo "2542"]
[BlackElo "2312"]
[Result "1-0"]
[Round "07"]
[TimeControl "180+1"]
[Date "2022.11.16"]
[WhiteClock "0:02:02"]
[BlackClock "0:01:50"]

1. e4 c5 2. Ne2 d5 3. exd5 Qxd5 4. Nbc3 Qd8 5. d4 cxd4 6. Qxd4 Qxd4 7. Nxd4 Bd7 8. g3 Nc6 9. Be3 Nxd4 10. Bxd4 Bc6 11. Rg1 Nf6 12. O-O-O e6 13. f4 Be7 14. Bh3 O-O 15. Rge1 Bf3 16. Rd3 Bg4 17. Bxf6 gxf6 18. Bxg4 f5 19. Bxf5 Bb4 20. Be4 Rab8 21. a3 Bc5 22. b4 Bf2 23. Re2 Bb6 24. Na4 Bc7 25. c4 f5 26. Bf3 b5 27. cxb5 Rxb5 28. Rxe6 a5 29. Rd7 axb4 30. Rxc7 bxa3 31. Ree7 a2 32. Rg7+ Kh8 33. Rxh7+ Kg8 34. Rcg7# 1-0


[Site "https://www.chess.com"]

[Event "Titled Tuesday Blitz November 15 Early 2022"]
[White "Tregubov, Pavel V."]
[Black "Fernandez Garcia, Gumersindo"]
[WhiteFideId "4115341"]
[BlackFideId "24516740"]
[WhiteElo "2448"]
[BlackElo "2140"]
[Result "1-0"]
[Round "07"]
[TimeControl "180+1"]
[Date "2022.11.16"]
[WhiteClock "0:00:10"]
[BlackClock "0:00:07"]

1. e4 Nf6 2. e5 Nd5 3. d4 d6 4. Nf3 g6 5. Bc4 Nb6 6. Bb3 Bg7 7. Ng5 O-O 8. Qf3 e6 9. O-O Nc6 10. Qh3 h6 11. Ne4 d5 12. Nf6+ Bxf6 13. exf6 Qxf6 14. Bxh6 Re8 15. c3 e5 16. dxe5 Nxe5 17. Qg3 Bf5 18. Nd2 Ng4 19. Bf4 c6 20. h3 Ne5 21. Rfe1 Nd3 22. Rxe8+ Rxe8 23. Bg5 Qe5 24. Qxe5 Rxe5 25. Nf3 Re8 26. Nd4 Nxb2 27. Nxf5 gxf5 28. Rb1 N2c4 29. Bc2 Nd6 30. a4 Nbc4 31. Bf4 Kg7 32. Bd3 Re7 33. h4 f6 34. h5 b5 35. axb5 cxb5 36. Ra1 Ne5 37. Ra6 Ndc4 38. Bxf5 Nf7 39. Be6 Nce5 40. Bxd5 Rc7 41. Bd2 Rd7 42. Bxf7 Kxf7 43. Be3 Nc4 44. Rxa7 Rxa7 45. Bxa7 Nd2 46. Bd4 Nb3 47. Be3 Na5 48. Kf1 Nc4 49. Ke2 Ne5 50. f3 Nd7 51. g4 Ke6 52. Bd4 f5 53. g5 Nf8 54. g6 Nd7 55. h6 1-0


[Site "https://www.chess.com"]

[Event "Titled Tuesday Blitz November 15 Early 2022"]
[White "Tuleyeva-Aketayeva, Dana"]
[Black "Player, Edmund C"]
[WhiteFideId "13701932"]
[BlackFideId "406520"]
[WhiteElo "2030"]
[BlackElo "2103"]
[Result "1-0"]
[Round "07"]
[TimeControl "180+1"]
[Date "2022.11.16"]
[WhiteClock "0:00:08"]
[BlackClock "0:00:13"]

1. Nf3 d5 2. g3 g6 3. d4 Bg7 4. Bg2 Nf6 5. O-O O-O 6. c4 c6 7. Nc3 dxc4 8. Ne5 Be6 9. Qa4 Qxd4 10. Bf4 Nd5 11. Rad1 Nxc3 12. bxc3 Qxc3 13. Rc1 Qd4 14. Rfd1 Qc5 15. Nxc4 b5 16. Qa5 Bxc4 17. a4 Qb6 18. Qb4 a5 19. Qb1 Na6 20. Rxc4 Nb4 21. Re4 e6 22. Bd6 Rfd8 23. Bxb4 Rxd1+ 24. Qxd1 axb4 25. Rxb4 Rxa4 26. Qxa4 Qc5 27. Qb3 Bd4 28. e3 Bc3 29. Re4 b4 30. Rc4 Qa5 31. Rxc6 Qa1+ 32. Bf1 Qa8 33. Rxc3 bxc3 34. Qxc3 Qd5 35. Qd4 e5 36. Qxd5 1-0


[Site "https://www.chess.com"]

[Event "Titled Tuesday Blitz November 15 Early 2022"]
[White "Tymrakiewicz, Rafal"]
[Black "Perez Gormaz, Matias"]
[WhiteFideId "1108832"]
[BlackFideId "3406342"]
[WhiteElo "2138"]
[BlackElo "2341"]
[Result "1/2-1/2"]
[Round "07"]
[TimeControl "180+1"]
[Date "2022.11.16"]
[WhiteClock "0:00:26"]
[BlackClock "0:00:34"]

1. d4 d5 2. Bg5 h6 3. Bf4 Bf5 4. e3 e6 5. Nf3 c5 6. Bxb8 Qxb8 7. Bb5+ Kd8 8. c4 a6 9. Ba4 b5 10. cxb5 axb5 11. Bc2 Bxc2 12. Qxc2 c4 13. O-O Bd6 14. e4 Ne7 15. a3 Qb7 16. Nc3 Kd7 17. Rfe1 b4 18. axb4 Qxb4 19. exd5 exd5 20. Rxa8 Rxa8 21. g3 Rb8 22. Re2 Qb3 23. Qh7 Bb4 24. Qxg7 Bxc3 25. bxc3 Qd1+ 26. Re1 Qxf3 27. Rxe7+ Kxe7 28. Qe5+ Kd7 29. Qxb8 Qxc3 30. Qb7+ Kd6 31. Qb6+ Kd7 32. Qb7+ Kd6 33. Qb6+ Kd7 34. Qb7+ 1/2-1/2


[Site "https://www.chess.com"]

[Event "Titled Tuesday Blitz November 15 Early 2022"]
[White "Valle Maytin, Luis Enrique"]
[Black "Sourath Biswas"]
[WhiteFideId "3503666"]
[BlackFideId "35091484"]
[WhiteElo "2225"]
[BlackElo "2164"]
[Result "1-0"]
[Round "07"]
[TimeControl "180+1"]
[Date "2022.11.16"]
[WhiteClock "0:00:16"]
[BlackClock "0:00:09"]

1. e4 c5 2. Nf3 d6 3. d4 cxd4 4. Nxd4 Nf6 5. Nc3 a6 6. Bg5 e6 7. f4 Be7 8. Qd2 Qc7 9. O-O-O h6 10. Bxf6 Bxf6 11. Be2 Nc6 12. Nb3 Be7 13. Bf3 b5 14. Kb1 Bb7 15. g4 Rc8 16. Rhe1 O-O 17. g5 hxg5 18. Rg1 b4 19. Ne2 d5 20. exd5 exd5 21. Bxd5 gxf4 22. Nxf4 Rcd8 23. Rxg7+ Kxg7 24. Nh5+ Kh7 25. Qd3+ f5 26. Qh3 Ne5 27. Nf4+ Kg7 28. Ne6+ Kf6 29. Qh4+ Kg6 30. Rg1+ Ng4 31. Rxg4+ fxg4 32. Qxg4+ Kf6 33. Qg5+ Kf7 34. Qg7+ Ke8 35. Nxc7+ Kd7 36. Be6+ Kxc7 37. Qxe7+ Kb8 38. a3 Rd1+ 39. Ka2 Rff1 40. Nc5 b3+ 41. Kxb3 Bc6 42. Bc4 Rf3+ 43. c3 Rd2 44. Nxa6+ Kc8 45. Qc7# 1-0


[Site "https://www.chess.com"]

[Event "Titled Tuesday Blitz November 15 Early 2022"]
[White "Vokhidov, Shamsiddin"]
[Black "Paravyan, David"]
[WhiteFideId "14204223"]
[BlackFideId "4194985"]
[WhiteElo "2619"]
[BlackElo "2546"]
[Result "1/2-1/2"]
[Round "07"]
[TimeControl "180+1"]
[Date "2022.11.15"]
[WhiteClock "0:00:17"]
[BlackClock "0:00:16"]

1. e4 e5 2. Nf3 Nf6 3. Nxe5 d6 4. Nf3 Nxe4 5. d4 d5 6. Bd3 Bd6 7. O-O O-O 8. c4 c6 9. Re1 Bf5 10. Qb3 Na6 11. cxd5 cxd5 12. Nc3 Nb4 13. Bxe4 dxe4 14. Nxe4 Be6 15. Qd1 Rc8 16. Bg5 Qb6 17. d5 Nxd5 18. Nxd6 Qxd6 19. Nd4 Rfe8 20. Nxe6 Rxe6 21. Rxe6 Qxe6 22. Rc1 Rxc1 23. Bxc1 h6 24. a3 a6 25. h3 Kf8 26. Kf1 Ke8 27. Qe2 Kd7 28. Qxe6+ Kxe6 29. Ke2 Ne7 30. Bd2 Kd5 31. Bb4 Nc6 32. Bf8 Nd4+ 33. Ke3 Ne6 34. Bb4 f5 35. Bc3 g6 36. g4 Kc4 37. gxf5 gxf5 38. Be5 b5 39. Bf6 a5 40. Be5 b4 41. axb4 axb4 42. Bf6 h5 43. Be5 Ng5 44. h4 Ne6 45. Bf6 Kd5 46. f3 f4+ 47. Kd2 Kc4 48. Be5 b3 49. Bf6 Nd4 50. Bxd4 Kxd4 51. Ke2 Kc4 1/2-1/2


[Site "https://www.chess.com"]

[Event "Titled Tuesday Blitz November 15 Early 2022"]
[White "Wagner, Dennis"]
[Black "D`Arruda, Ricardo D."]
[WhiteFideId "24650684"]
[BlackFideId "100692"]
[WhiteElo "2470"]
[BlackElo "2481"]
[Result "0-1"]
[Round "07"]
[TimeControl "180+1"]
[Date "2022.11.16"]
[WhiteClock "0:00:01"]
[BlackClock "0:00:12"]

1. e4 c5 2. Nf3 Nc6 3. Bb5 g6 4. Bxc6 dxc6 5. d3 c4 6. dxc4 Qxd1+ 7. Kxd1 Nf6 8. Nc3 Bg7 9. h3 Be6 10. Nd2 O-O-O 11. Ke2 Nh5 12. g3 f5 13. Rb1 Bxc3 14. bxc3 fxe4 15. c5 a6 16. c4 Rhf8 17. Bb2 Rxd2+ 18. Kxd2 Rxf2+ 19. Kc3 Nxg3 20. Rhe1 Bxh3 21. Kb4 Bf5 22. Ka5 Rxc2 23. Kb6 h5 24. Be5 h4 25. Rbd1 Rxc4 26. Rd2 Rb4+ 27. Ka7 Be6 28. Bxg3 hxg3 29. Re3 Rc4 30. Rxg3 Bf5 31. Rb3 Rxc5 32. Rxb7 Rb5 33. Rxe7 Rd5 34. Rc2 c5 35. Kb6 Kd8 36. Rg7 e3 37. Rh2 Re5 38. Kc6 e2 39. Rh8+ Re8 0-1


[Site "https://www.chess.com"]

[Event "Titled Tuesday Blitz November 15 Early 2022"]
[White "Willow, Jonah B"]
[Black "Pranav, V"]
[WhiteFideId "438804"]
[BlackFideId "25060783"]
[WhiteElo "2300"]
[BlackElo "2430"]
[Result "1/2-1/2"]
[Round "07"]
[TimeControl "180+1"]
[Date "2022.11.15"]
[WhiteClock "0:00:02"]
[BlackClock "0:00:03"]

1. e4 e5 2. Nf3 Nc6 3. Nc3 Nf6 4. Bb5 Bb4 5. O-O O-O 6. d3 d6 7. Bg5 Bxc3 8. bxc3 Qe7 9. Re1 Nd8 10. d4 Ne6 11. Bd2 Rd8 12. Nh4 g6 13. Nf3 Nh5 14. Bf1 Nef4 15. Rb1 Qf6 16. g3 Ne6 17. Bg2 Re8 18. Be3 Nf8 19. Nd2 b6 20. Bf1 c5 21. d5 Nf4 22. Nc4 Bd7 23. Kh1 Nh3 24. Qd2 b5 25. Na5 a6 26. c4 g5 27. Rb3 h6 28. Nc6 bxc4 29. Rc3 Ng6 30. Rxc4 Bg4 31. Bg2 Bf3 32. Qd3 g4 33. Qf1 h5 34. Bxf3 Qxf3+ 35. Qg2 Qf6 36. Rc3 Ne7 37. Nxe7+ Rxe7 38. Rf1 c4 39. f3 Qg6 40. fxg4 hxg4 41. Bg1 Rc8 42. Qe2 Ng5 43. Rf5 Nf3 44. Rcxf3 gxf3 45. Qxf3 f6 46. Rxf6 Qg7 47. Be3 Rf7 48. Rxf7 Qxf7 49. Qg4+ Kh7 50. Qh3+ Kg7 51. Qg4+ Kh7 52. Qh3+ Kg7 53. Qg4+ Kh7 1/2-1/2


[Site "https://www.chess.com"]

[Event "Titled Tuesday Blitz November 15 Early 2022"]
[White "Winkels, Marcel"]
[Black "parintele_chess"]
[WhiteFideId "1003887"]
[WhiteElo "1900"]
[BlackElo "2211"]
[Result "0-1"]
[Round "07"]
[TimeControl "180+1"]
[Date "2022.11.16"]
[WhiteClock "0:01:10"]
[BlackClock "0:00:15"]

1. e4 e5 2. Nf3 Nc6 3. Bc4 Nf6 4. d3 Bc5 5. c3 O-O 6. O-O h6 7. b4 Bb6 8. a4 a6 9. Nbd2 d5 10. exd5 Nxd5 11. Ne4 Bg4 12. h3 Bh5 13. Ng3 Nxc3 14. Qd2 Bxf3 15. Qxc3 Bd4 16. Qb3 Bxa1 17. gxf3 Bd4 18. Kh2 Qf6 19. Bd5 Rad8 20. Rg1 Ne7 21. Be4 Bxf2 22. Rg2 Bxg3+ 23. Rxg3 Nf5 24. Bxf5 Qxf5 25. Bxh6 g6 26. Bxf8 Kxf8 27. Qc4 Qxd3 28. Qxc7 Qd2+ 29. Rg2 Qf4+ 30. Kg1 Rd1+ 31. Kf2 Rd2+ 32. Kg1 Rd1+ 33. Kf2 Qh4+ 34. Ke2 Qe1# 0-1


[Site "https://www.chess.com"]

[Event "Titled Tuesday Blitz November 15 Early 2022"]
[White "Winterberg, Lukas"]
[Black "Mejia, Cherry Ann"]
[WhiteFideId "24622702"]
[BlackFideId "5206880"]
[WhiteElo "2349"]
[BlackElo "2007"]
[Result "1/2-1/2"]
[Round "07"]
[TimeControl "180+1"]
[Date "2022.11.16"]
[WhiteClock "0:00:54"]
[BlackClock "0:00:43"]

1. d4 d5 2. Nf3 Nf6 3. c4 dxc4 4. e3 e6 5. Bxc4 a6 6. O-O c5 7. b3 b5 8. Be2 Bb7 9. Bb2 Nbd7 10. a4 b4 11. Nbd2 Be7 12. Ne5 O-O 13. Ndc4 Bd5 14. Rc1 Rc8 15. Bd3 Nb6 16. Nxb6 Qxb6 17. Nc4 Qb7 18. dxc5 Bxg2 19. Re1 Bf3 20. Be2 Rfd8 21. Nd6 Bxd6 22. Bxf3 Bxh2+ 23. Kg2 Qb8 24. Qc2 Be5 25. c6 Bxb2 26. Qxb2 Nd5 27. Red1 Nc3 28. Rxd8+ Rxd8 29. Rxc3 bxc3 30. Qxc3 Qd6 31. b4 e5 32. b5 Qg6+ 33. Kf1 Qb1+ 34. Kg2 Qg6+ 35. Kh2 Qh6+ 36. Kg1 Qg6+ 37. Kh1 Qh6+ 38. Kg2 Qg6+ 1/2-1/2


[Site "https://www.chess.com"]

[Event "Titled Tuesday Blitz November 15 Early 2022"]
[White "Yaran, Siar"]
[Black "Parligras, Mircea-Emilian"]
[WhiteFideId "6323006"]
[BlackFideId "1204297"]
[WhiteElo "2191"]
[BlackElo "2507"]
[Result "1-0"]
[Round "07"]
[TimeControl "180+1"]
[Date "2022.11.16"]
[WhiteClock "0:00:09"]
[BlackClock "0:00:15"]

1. e4 c5 2. Nc3 e6 3. f4 a6 4. Nf3 d5 5. e5 Nc6 6. d4 Nh6 7. Ne2 Nf5 8. c3 h5 9. g3 Bd7 10. Bh3 g6 11. O-O Qb6 12. Kh1 Be7 13. a3 a5 14. b3 a4 15. b4 cxd4 16. cxd4 Na7 17. Nc3 Qa6 18. Rf2 Bb5 19. Nxb5 Nxb5 20. Bf1 Qb6 21. Bb2 h4 22. g4 Ng3+ 23. Kg2 Ne4 24. Rc2 h3+ 25. Kh1 Kd7 26. Rac1 Rhc8 27. Ng1 Na7 28. Nxh3 Rxc2 29. Rxc2 Kd8 30. Kg2 Rc8 31. Rxc8+ Nxc8 32. Qxa4 Qc7 33. Bd3 Nb6 34. Qc2 Qxc2+ 35. Bxc2 Nc4 36. Bc1 Nc3 37. Kf3 Bh4 38. Nf2 Bxf2 39. Kxf2 b5 40. Bb3 Ne4+ 41. Ke2 Nc3+ 42. Kd3 Na4 43. h4 Ke7 44. h5 gxh5 45. gxh5 Kf8 46. Bd1 Kg7 47. Bg4 Kh6 48. f5+ Kg7 49. fxe6 fxe6 50. h6+ Kg6 51. Bxe6 Nab6 52. Bg8 Nd7 53. h7 Kg7 54. Bh6+ Kh8 55. Bxd5 Nxa3 56. Bc1 Nc4 57. Bxc4 bxc4+ 58. Kxc4 Kxh7 59. Kd5 Kg7 60. Kc6 Nf8 61. d5 Kf7 62. Bg5 Ke8 63. b5 Ng6 64. Bf6 Nf8 65. b6 Nd7 66. b7 Nb8+ 67. Kd6 Na6 68. e6 Nb8 69. Bd4 Na6 70. Ba7 Kd8 71. b8=Q+ Nxb8 72. Bxb8 Kc8 73. Bc7 Kb7 74. Kd7 Ka6 75. Kc6 Ka7 76. e7 Ka6 77. e8=Q Ka7 78. Qb8+ Ka6 79. Qa8# 1-0


[Site "https://www.chess.com"]